% Time on Ice - RENO LIONS
Lines # - Real PCT - Wanted PCT - Time Play
Normal Forward
1 - 34% - 34% - 17:06
2 - 33% - 33% - 16:11
3 - 22% - 23% - 10:47
4 - 11% - 10% - 5:42
Normal Defense
1 - 34% - 36% - 16:45
2 - 32% - 31% - 15:52
3 - 29% - 23% - 14:14
4 - 6% - 10% - 2:55
PP Forward
1 - 40% - 55% - 1:36
2 - 60% - 45% - 2:22
PP Defense
1 - 56% - 55% - 2:13
2 - 44% - 45% - 1:45
PK Forward
1 - 65% - 55% - 3:52
2 - 35% - 45% - 2:05
PK Defense
1 - 56% - 55% - 3:21
2 - 44% - 45% - 2:36
PK3 Forward
1 - 0% - 55%
2 - 0% - 45%
PK3 Defense
1 - 0% - 55%
2 - 0% - 45%
44 Forward
1 - 0% - 55%
2 - 0% - 45%
44 Defense
1 - 0% - 55%
2 - 0% - 45%
Last Minute Offensive  - 0:19
Last Minute Defensive  - 0:00
Total
Forward - 60:00
Defense - 60:00
% Time on Ice - CALGARY FIREMEN
Lines # - Real PCT - Wanted PCT - Time Play
Normal Forward
1 - 33% - 35% - 16:32
2 - 34% - 34% - 17:06
3 - 23% - 25% - 11:37
4 - 9% - 6% - 4:42
Normal Defense
1 - 35% - 35% - 17:37
2 - 32% - 32% - 15:47
3 - 28% - 25% - 14:00
4 - 5% - 8% - 2:33
PP Forward
1 - 52% - 50% - 3:04
2 - 48% - 50% - 2:53
PP Defense
1 - 56% - 50% - 3:21
2 - 44% - 50% - 2:36
PK Forward
1 - 53% - 50% - 2:07
2 - 47% - 50% - 1:51
PK Defense
1 - 59% - 50% - 2:20
2 - 41% - 50% - 1:38
PK3 Forward
1 - 0% - 50%
2 - 0% - 50%
PK3 Defense
1 - 0% - 50%
2 - 0% - 50%
44 Forward
1 - 0% - 50%
2 - 0% - 50%
44 Defense
1 - 0% - 50%
2 - 0% - 50%
Last Minute Offensive  - 0:00
Last Minute Defensive  - 0:08
Total
Forward - 60:00
Defense - 60:00
Play-by-Play 1st period 0:01 of 1st period - Adam Henrique wins face-off versus Elias Pettersson in neutral zone. 0:13 of 1st period - Off-side. 0:14 of 1st period - Ryan Johansen wins face-off versus William Karlsson in neutral zone. 0:38 of 1st period - Shot by William Karlsson. 0:38 of 1st period - Stopped by Antti Raanta without a rebound. 0:39 of 1st period - Leo Komarov wins face-off versus Frans Nielsen in CALGARY FIREMEN zone. 0:48 of 1st period - Shot by Blake Coleman. 0:48 of 1st period - Goal by Blake Coleman - RENO LIONS : 1 - CALGARY FIREMEN : 0. 0:49 of 1st period - Adam Henrique wins face-off versus Tomas Nosek in neutral zone. 1:38 of 1st period - Icing by Jared Spurgeon. 1:39 of 1st period - Adam Henrique wins face-off versus Elias Pettersson in CALGARY FIREMEN zone. 1:39 of 1st period - Adam Henrique is hit by Elias Pettersson. 1:44 of 1st period - Off-side. 1:45 of 1st period - Frans Nielsen wins face-off versus Leo Komarov in neutral zone. 1:45 of 1st period - Frans Nielsen is hit by Blake Coleman. 2:04 of 1st period - Icing by Vincent Hinostroza. 2:05 of 1st period - Ryan Johansen wins face-off versus Leo Komarov in RENO LIONS zone. 2:23 of 1st period - Ryan Johansen is hit by Oliver Ekman-Larsson and loses puck. 2:44 of 1st period - Icing by Jake McCabe. 2:45 of 1st period - Ryan Johansen wins face-off versus Elias Pettersson in CALGARY FIREMEN zone. 3:21 of 1st period - Shot by Joakim Nygard. 3:21 of 1st period - Shot Misses the Net. 4:11 of 1st period - Shot by Cam Atkinson. 4:11 of 1st period - Stopped by Antti Raanta without a rebound. 4:12 of 1st period - Adam Henrique wins face-off versus Leo Komarov in CALGARY FIREMEN zone. 4:42 of 1st period - Shot by Viktor Arvidsson. 4:42 of 1st period - Stopped by Jaroslav Halak without a rebound. 4:43 of 1st period - William Karlsson wins face-off versus Brett Howden in RENO LIONS zone. 4:43 of 1st period - William Karlsson is hit by Yakov Trenin. 4:52 of 1st period - Minor Penalty to Anders Lee for High sticking. 4:53 of 1st period - Ryan Johansen wins face-off versus Blake Coleman in RENO LIONS zone. 5:03 of 1st period - Shot by Brendan Gallagher. 5:03 of 1st period - Shot Misses the Net. 5:05 of 1st period - Shot by Jake McCabe. 5:05 of 1st period - Deflect By Brendan Gallagher. 5:05 of 1st period - Shot Misses the Net. 5:07 of 1st period - Shot by Oskar Lindblom. 5:07 of 1st period - Stopped by Jaroslav Halak without a rebound. 5:08 of 1st period - Blake Coleman wins face-off versus Viktor Arvidsson in RENO LIONS zone. 5:47 of 1st period - Shot by Filip Forsberg. 5:47 of 1st period - Shot Misses the Net. 6:06 of 1st period - Jared Spurgeon is hit by Ryan Pulock and loses puck. 6:39 of 1st period - Shot by Ryan Johansen. 6:39 of 1st period - Shot Misses the Net. 6:48 of 1st period - Off-side. 6:49 of 1st period - Adam Henrique wins face-off versus Blake Coleman in neutral zone. 6:54 of 1st period - Shot by Frans Nielsen. 6:54 of 1st period - Shot Blocked by Oscar Klefbom. 6:56 of 1st period - Shot by Frans Nielsen. 6:56 of 1st period - Stopped by Jaroslav Halak with a rebound. 6:58 of 1st period - Shot by Frans Nielsen. 6:58 of 1st period - Shot Misses the Net. 7:00 of 1st period - Shot by Joakim Nygard. 7:00 of 1st period - Shot Misses the Net. 7:02 of 1st period - Shot by Colton Sceviour. 7:02 of 1st period - Shot Misses the Net. 7:11 of 1st period - Shot by Colton Sceviour. 7:11 of 1st period - Stopped by Jaroslav Halak with a rebound. 7:13 of 1st period - Shot by Colton Sceviour. 7:13 of 1st period - Stopped by Jaroslav Halak without a rebound. 7:14 of 1st period - William Karlsson wins face-off versus Adam Henrique in RENO LIONS zone. 7:23 of 1st period - Minor Penalty to Josh Manson for Hooking. 7:24 of 1st period - William Karlsson wins face-off versus Adam Henrique in CALGARY FIREMEN zone. 7:29 of 1st period - Shot by William Karlsson. 7:29 of 1st period - Deflect By Pierre-Luc Dubois. 7:29 of 1st period - Shot Misses the Net. 7:37 of 1st period - Shot by Oscar Klefbom. 7:37 of 1st period - Stopped by Antti Raanta without a rebound. 7:38 of 1st period - Elias Pettersson wins face-off versus Brett Howden in CALGARY FIREMEN zone. 7:53 of 1st period - Andy Greene is hit by Anders Lee and loses puck. 8:43 of 1st period - Shot by Pierre-Luc Dubois. 8:43 of 1st period - Stopped by Antti Raanta without a rebound. 8:44 of 1st period - William Karlsson wins face-off versus Adam Henrique in CALGARY FIREMEN zone. 8:51 of 1st period - Shot by Oscar Klefbom. 8:51 of 1st period - Stopped by Antti Raanta without a rebound. 8:52 of 1st period - Joakim Nygard wins face-off versus William Karlsson in CALGARY FIREMEN zone. 9:03 of 1st period - Andy Greene is hit by Pierre-Luc Dubois and loses puck. 9:10 of 1st period - Shot by Oscar Klefbom. 9:10 of 1st period - Stopped by Antti Raanta with a rebound. 9:12 of 1st period - Shot by Oscar Klefbom. 9:12 of 1st period - Shot Blocked by Adam Henrique. 9:14 of 1st period - Shot by Ryan Pulock. 9:14 of 1st period - Stopped by Antti Raanta without a rebound. 9:15 of 1st period - Elias Pettersson wins face-off versus Brett Howden in CALGARY FIREMEN zone. 9:26 of 1st period - Shot by Blake Coleman. 9:26 of 1st period - Shot Misses the Net. 9:29 of 1st period - Icing by Jonathon Merrill. 9:30 of 1st period - William Karlsson wins face-off versus Ryan Johansen in CALGARY FIREMEN zone. 9:36 of 1st period - Icing by Jonathon Merrill. 9:37 of 1st period - William Karlsson wins face-off versus Ryan Johansen in CALGARY FIREMEN zone. 9:40 of 1st period - Shot by Cam Atkinson. 9:40 of 1st period - Stopped by Antti Raanta without a rebound. 9:41 of 1st period - Adam Henrique wins face-off versus William Karlsson in CALGARY FIREMEN zone. 9:41 of 1st period - Adam Henrique is hit by William Karlsson. 9:52 of 1st period - Off-side. 9:53 of 1st period - Ryan Johansen wins face-off versus Elias Pettersson in neutral zone. 9:55 of 1st period - Off-side. 9:56 of 1st period - Ryan Johansen wins face-off versus Elias Pettersson in neutral zone. 10:01 of 1st period - Shot by Brendan Gallagher. 10:01 of 1st period - Shot Misses the Net. 10:51 of 1st period - Icing by Andy Greene. 10:52 of 1st period - William Karlsson wins face-off versus Ryan Johansen in CALGARY FIREMEN zone. 11:36 of 1st period - Shot by William Karlsson. 11:36 of 1st period - Stopped by Antti Raanta without a rebound. 11:37 of 1st period - Leo Komarov wins face-off versus Frans Nielsen in CALGARY FIREMEN zone. 12:38 of 1st period - Shot by Jacob Trouba. 12:38 of 1st period - Stopped by Antti Raanta with a rebound. 12:59 of 1st period - Colton Sceviour is hit by Elias Pettersson and loses puck. 13:12 of 1st period - Icing by Oscar Klefbom. 13:13 of 1st period - Adam Henrique wins face-off versus Pierre-Luc Dubois in RENO LIONS zone. 13:19 of 1st period - Shot by Adam Henrique. 13:19 of 1st period - Shot Blocked by Oscar Klefbom. 13:25 of 1st period - Shot by Viktor Arvidsson. 13:25 of 1st period - Stopped by Jaroslav Halak without a rebound. 13:26 of 1st period - William Karlsson wins face-off versus Ryan Johansen in RENO LIONS zone. 13:26 of 1st period - William Karlsson is hit by Ryan Johansen. 14:08 of 1st period - Brendan Gallagher is hit by Oliver Ekman-Larsson and loses puck. 14:18 of 1st period - Icing by Ryan Pulock. 14:19 of 1st period - Adam Henrique wins face-off versus William Karlsson in RENO LIONS zone. 14:34 of 1st period - Filip Forsberg is hit by Oliver Ekman-Larsson and loses puck. 14:45 of 1st period - Shot by Adam Henrique. 14:45 of 1st period - Shot Misses the Net. 14:47 of 1st period - Shot by Adam Henrique. 14:47 of 1st period - Shot Misses the Net. 14:49 of 1st period - Shot by Josh Manson. 14:49 of 1st period - Stopped by Jaroslav Halak with a rebound. 14:53 of 1st period - Shot by Filip Forsberg. 14:53 of 1st period - Stopped by Jaroslav Halak with a rebound. 14:55 of 1st period - Shot by Filip Forsberg. 14:55 of 1st period - Shot Misses the Net. 14:57 of 1st period - Shot by Jared Spurgeon. 14:57 of 1st period - Goal by Jared Spurgeon - RENO LIONS : 1 - CALGARY FIREMEN : 1. 14:58 of 1st period - Brett Howden wins face-off versus Elias Pettersson in neutral zone. 15:23 of 1st period - Shot by Elias Pettersson. 15:23 of 1st period - Shot Misses the Net. 15:38 of 1st period - Icing by Ethan Bear. 15:39 of 1st period - Adam Henrique wins face-off versus Elias Pettersson in RENO LIONS zone. 15:44 of 1st period - Shot by Viktor Arvidsson. 15:44 of 1st period - Deflect By Filip Forsberg. 15:44 of 1st period - Stopped by Jaroslav Halak without a rebound. 15:45 of 1st period - Adam Henrique wins face-off versus Leo Komarov in RENO LIONS zone. 15:54 of 1st period - Shot by Vincent Hinostroza. 15:54 of 1st period - Shot Misses the Net. 15:56 of 1st period - Shot by Blake Coleman. 15:56 of 1st period - Stopped by Antti Raanta without a rebound. 15:57 of 1st period - Oskar Lindblom wins face-off versus Tomas Nosek in CALGARY FIREMEN zone. 16:11 of 1st period - Shot by Jacob Trouba. 16:11 of 1st period - Stopped by Antti Raanta without a rebound. 16:12 of 1st period - Adam Henrique wins face-off versus William Karlsson in CALGARY FIREMEN zone. 16:12 of 1st period - Adam Henrique is hit by Cam Atkinson. 16:30 of 1st period - Shot by Anders Lee. 16:30 of 1st period - Stopped by Antti Raanta without a rebound. 16:31 of 1st period - Elias Pettersson wins face-off versus Ryan Johansen in CALGARY FIREMEN zone. 17:00 of 1st period - Shot by Ryan Johansen. 17:00 of 1st period - Stopped by Jaroslav Halak without a rebound. 17:01 of 1st period - Anders Lee wins face-off versus Adam Henrique in RENO LIONS zone. 17:07 of 1st period - Icing by Anders Lee. 17:08 of 1st period - William Karlsson wins face-off versus Adam Henrique in RENO LIONS zone. 18:15 of 1st period - Off-side. 18:16 of 1st period - Ryan Johansen wins face-off versus Leo Komarov in neutral zone. 18:51 of 1st period - Shot by Brendan Gallagher. 18:51 of 1st period - Deflect By Oskar Lindblom. 18:51 of 1st period - Shot Misses the Net. 18:53 of 1st period - Shot by Brendan Gallagher. 18:53 of 1st period - Shot Misses the Net. 18:55 of 1st period - Shot by Oskar Lindblom. 18:55 of 1st period - Stopped by Jaroslav Halak with a rebound. 19:22 of 1st period - Off-side. 19:23 of 1st period - Pierre-Luc Dubois wins face-off versus Viktor Arvidsson in neutral zone. 19:26 of 1st period - Shot by Evgeny Dadonov. 19:26 of 1st period - Stopped by Antti Raanta without a rebound. 19:27 of 1st period - Adam Henrique wins face-off versus Elias Pettersson in CALGARY FIREMEN zone. Goals for this period are 1 for RENO LIONS vs 1 for CALGARY FIREMEN. Shots for this period are 15 for RENO LIONS vs 12 for CALGARY FIREMEN. 2nd period 0:01 of 2nd period - Evgeny Dadonov wins face-off versus Adam Henrique in neutral zone. 0:31 of 2nd period - Shot by Jared Spurgeon. 0:31 of 2nd period - Stopped by Jaroslav Halak without a rebound. 0:32 of 2nd period - Frans Nielsen wins face-